 Dungeon Crawl Stone Soup version 0.22.0-60-ga52c2fc (webtiles) character file.

128 Monsterracer the Insei (level 5, 0/54 HPs)
             Began as an Octopode Monk on Sept 9, 2018.
             Slain by Grinder (2 damage)
             ... on level 3 of the Dungeon.
             The game lasted 00:03:19 (3629 turns).

Monsterracer the Insei (Octopode Monk)              Turns: 3629, Time: 00:03:20

Health: 0/54       AC:  1    Str: 16    XL:     5   Next: 12%
Magic:  5/5        EV: 14    Int: 18    God:
Gold:   134        SH:  0    Dex: 14    Spells: 4/4 levels left

rFire    . . .     SeeInvis .     - Unarmed
rCold    . . .     Gourm    .   (no shield)
rNeg     . . .     Faith    .   (helmet restricted)
rPois    .         Spirit   .   (no amulet)
rElec    .         Reflect  .   (no ring)
rCorr    .         Harm     .   (no ring)
MR       .....                  (no ring)
Stlth    ..........             (no ring)
HPRegen  0.18/turn              (no ring)
MPRegen  0.09/turn              (no ring)
                                (no ring)
                                (no ring)

@: brilliant, berserking, drained, very quick
A: almost no armour, stealthy swim, amphibious, 8 rings, constrict 8, camouflage
1, gelatinous body 1
a: no special abilities


You were on level 3 of the Dungeon.
You were not hungry.

You visited 1 branch of the dungeon, and saw 3 of its levels.

You collected 134 gold pieces.

Inventory:

Scrolls
 a - a scroll of random uselessness {unknown}
 d - 4 scrolls of teleportation {unknown}
 e - a scroll of remove curse {unknown}
 g - a scroll of fear {unknown}
 k - a scroll of amnesia {unknown}
 o - a scroll of blinking {unknown}
 q - a scroll of enchant armour {unknown}
 r - a scroll of identify {unknown}
Potions
 b - a potion of berserk rage {!q}
 f - 2 potions of flight {unknown}
 h - a potion of ambrosia {unknown}
 i - a potion of brilliance
 j - a potion of degeneration {unknown}
 l - a potion of cancellation {unknown}
 m - 2 potions of lignification {unknown}
 n - 2 potions of resistance {unknown}
Comestibles
 c - 4 rations


   Skills:
 - Level 3.0(2.7) Fighting
 - Level 3.0(2.7) Dodging
 - Level 2.6(2.4) Stealth
 + Level 5.6(5.3) Unarmed Combat


You had 4 spell levels left.
You didn't know any spells.
Your spell library was empty.

Dungeon Overview and Level Annotations

Branches:
Dungeon (3/15)

Altars:
Fedhas
Wu Jian
Zin

Annotations:
D:3 Grinder


Innate Abilities, Weirdness & Mutations

You cannot wear most types of armour.
You are very stealthy in the water. (Stealth+)
You are amphibious.
You can wear up to eight rings at the same time.
You can use your tentacles to constrict eight enemies at once.
Your skin changes colour to match your surroundings (Stealth+).
Your rubbery body absorbs attacks. (AC +1, EV +1)


Message History

Found a glowing silver altar of Zin.
You see here a frilled lizard corpse.
A hound zombie comes into view.
Health restored: 31 A hound zombie is nearby!
A hound zombie is nearby!
You barely miss the hound zombie. You grab the hound zombie.
You constrict the hound zombie. The hound zombie closely misses you.
You tentacle-slap the hound zombie.
The hound zombie is lightly damaged.
You constrict the hound zombie. The hound zombie bites you.
The hound zombie barely misses you.
You take 4 damage, and have 27/31 hp.
You tentacle-slap the hound zombie. You squeeze the hound zombie.
The hound zombie is heavily damaged.
You constrict the hound zombie. The hound zombie misses you.
You tentacle-slap the hound zombie but do no damage.
You squeeze the hound zombie.
The hound zombie is heavily damaged.
You constrict the hound zombie. The hound zombie bites you.
You take 4 damage, and have 23/31 hp.
You are too injured to fight recklessly!
You are too injured to fight recklessly!
You are too injured to fight recklessly!
You are too injured to fight recklessly!
You tentacle-slap the hound zombie.
You squeeze the hound zombie, but do no damage.
The hound zombie is almost destroyed.
You constrict the hound zombie. The hound zombie closely misses you.
You tentacle-slap the hound zombie.
You destroy the hound zombie!
You have reached level 5!
You feel stronger.
You regained 4 hp, and now have 27/36 hp.
MP restored: 5 You start resting.
HP restored.
Health restored: 36 All of the chunks of flesh in your inventory have rotted away.
Found a stone staircase leading down.
You open the door.
There is an open door here.
There is an open door here.
A leopard gecko zombie comes into view.
A leopard gecko zombie is nearby!
The helpless leopard gecko zombie fails to defend itself.
You bludgeon the leopard gecko zombie!
You destroy the leopard gecko zombie!
No target in view!
No target in view!
Saving game... please wait.
Level annotation: Grinder Welcome back, Monsterracer the Octopode Monk.
Press ? for a list of commands and other information.
Found a stone staircase leading up.
There is an open door here.
There is an open door here.
Key pressed, stopping explore.
Found a stone staircase leading up.
You see here a pair of boots.
Found a stone staircase leading down.
No target in view!
Key pressed, stopping explore.
No target in view!
No target in view!
No target in view!
You open the door.
The frilled lizard is too close now for your liking.
A frilled lizard is nearby!
There is an open door here.
Grinder shouts!
Grinder hits you!
You take 8 damage, and have 28/36 hp.
MASSIVE DAMAGE!!
You tentacle-slap Grinder. Your grab misses Grinder.
Grinder is lightly wounded.
Grinder gestures at you. Pain shoots through your body!
You take 9 damage, and have 19/36 hp.
MASSIVE DAMAGE!!
There is an open door here.
It was a potion of brilliance.
You feel clever all of a sudden.
You closely miss the frilled lizard. Your grab misses the frilled lizard.
You squeeze the frilled lizard, but do no damage.
The frilled lizard closely misses you.
You barely miss the frilled lizard. Your grab misses the frilled lizard.
You squeeze the frilled lizard.
You kill the frilled lizard!
Grinder hits you.
* * * LOW HITPOINT WARNING * * *
You writhe in agony.
* * * LOW HITPOINT WARNING * * *
There is an open door here.
You see here a frilled lizard corpse.
You take 12 damage, and have 8/36 hp.
MASSIVE DAMAGE!!
It was a potion of berserk rage.
A red film seems to cover your vision as you go berserk!
You feel yourself moving faster!
You feel mighty! Grinder hits you!
* * * LOW HITPOINT WARNING * * *
You writhe in agony.
You die...

#.##._#..........#####......#
.##.###.....................#
#...##.................######
#####..................#
#.............#######
#.............#
#.............#
#.............#
#####..######@####
##.##....5...# #.##........#
#.##........# ......#
#..#........######### ......#
##.###..............# ......#
#..##..............#
......#####.##..............#
......##....##..............#


You could see Grinder.

Vanquished Creatures
  A hound zombie (D:3)
  3 adders
  An ooze (D:3)
  2 worms
  A leopard gecko (D:3)
  A ball python (D:3)
  10 bats
  3 giant cockroaches (D:2)
  11 goblins
  7 hobgoblins
  6 jackals
  8 kobolds
  4 quokkas
  6 frilled lizards
  A leopard gecko zombie (D:3)
  9 rats
74 creatures vanquished.

Notes
Turn   | Place    | Note
-------+----------+-------------------------------------------
     0 | D:1      | Monsterracer the Octopode Monk began the quest for the Orb.
     0 | D:1      | Reached XP level 1. HP: 16/16 MP: 1/1
   309 | D:1      | Reached XP level 2. HP: 21/21 MP: 2/2
   813 | D:1      | Reached skill level 4 in Unarmed Combat
   951 | D:1      | HP: 9/21 [kobold/short sword of draining (3)]
  1156 | D:1      | Reached XP level 3. HP: 24/26 MP: 3/3
  1997 | D:2      | HP: 12/26 [goblin (4)]
  1998 | D:2      | Reached XP level 4. HP: 14/31 MP: 4/4
  2230 | D:2      | Reached skill level 5 in Unarmed Combat
  2368 | D:2      | Found an ornate altar of the Wu Jian Council.
  2854 | D:3      | Noticed Grinder
  3365 | D:3      | Found a blossoming altar of Fedhas.
  3393 | D:3      | Found a glowing silver altar of Zin.
  3430 | D:3      | Reached XP level 5. HP: 27/36 MP: 5/5
  3628 | D:3      | HP: 14/36 [Grinder (6)]
  3629 | D:3      | HP: 2/54 [Grinder (10)]
  3629 | D:3      | Slain by Grinder

Skill      XL: |  1  2  3  4 |
---------------+-------------+-----
Unarmed Combat | 4 5 |  5.6
Fighting       | |  3.0
Dodging        | |  3.0
Stealth        | |  2.6

Action                   |  1- 3 |  4- 6 || total
-------------------------+-------+-------++-------
Melee: Unarmed           |    97 |    65 ||   162
       Tentacles         |    19 |    14 ||    33
       Constrict         |    21 |    17 ||    38
  Use: Potion            |       |     2 ||     2
 Stab: Sleeping          |     7 |     7 ||    14
       Distracted        |     1 |       ||     1
  Eat: Chunk             |     3 |     5 ||     8
Armor: Skin              |    11 |     1 ||    12
Dodge: Dodged            |    69 |    37 ||   106

Vault maps used:
D:1:      elethiomel_arrival_infinity_welcomes_careful_drivers
D:2:      cheibrodos_greedy_goblins, lemuel_coloured_pillars_altar,
          nicolae_overflow_hidden_temple, first_ration, minmay_pentomino_z2
D:3:      lemuel_round_altar, marbit_many_paths, uniq_grinder
